 Dungeon Crawl Stone Soup version 0.14-a0-1007-gacdcbbe (webtiles) character file.

238 PolkaDot the Ruinous (level 4, -3/30 HPs)
             Began as a Vampire Conjurer on Nov 22, 2013.
             Slain by a phantom (10 damage)
             ... on Level 4 of the Dungeon.
             The game lasted 00:08:45 (2567 turns).

PolkaDot the Ruinous (Vampire Conjurer)             Turns: 2567, Time: 00:08:45

HP  -3/30        AC  2     Str  7      XL: 4   Next: 83%
MP   2/9         EV 12     Int 18      God:
Gold 112         SH  0     Dex 14      Spells:  2 memorised,  4 levels left

Res.Fire  : . . .   See Invis. : +   o - +0,+1 long sword
Res.Cold  : . . .   Warding    : .   a - +0 robe
Life Prot.: . . .   Conserve   : .   (no shield)
Res.Poison: .       Res.Corr.  : .   (no helmet)
Res.Elec. : .       Clarity    : +   (no cloak)
Sust.Abil.: . .     Spirit.Shd : .   (no gloves)
Res.Mut.  : .       Stasis     : .   (no boots)
Res.Rott. : .       Flight     : .   h - amulet of clarity {unknown}
Saprovore : . . .                    (no ring)
                                     (no ring)

@: regenerating quickly, slightly resistant to hostile enchantments, stealthy
A: fangs 3, see invisible, unbreathing
a: no special abilities


You were on level 4 of the Dungeon.
You were very full.

You visited 1 branch of the dungeon, and saw 4 of its levels.

You collected 112 gold pieces.

Inventory:

Hand weapons
 e - a +1,+0 dagger of holy wrath
 o - a +0,+1 long sword (weapon)
Armour
 a - a +0 robe (worn)
Magical devices
 l - a wand of fireball (7)
Scrolls
 d - 3 scrolls of identify
Jewellery
 h - an amulet of clarity (around neck) {unknown}
Potions
 b - a potion of speed
 f - a potion of heal wounds
 g - 2 potions of curing
 i - a potion of restore abilities
 j - a potion of brilliance
Books
 c - a book of Conjurations

   Spells                             Type                      Level
   *Magic Dart                        Conjuration                  1
   *Searing Ray                       Conjuration                  2
   Dazzling Spray                     Conjuration/Hexes            3
   Iskenderun's Mystic Blast          Conjuration                  4
   Iskenderun's Battlesphere          Conjuration/Charms           4
   Fulminant Prism                    Conjuration/Hexes            5


   Skills:
 - Level 2.1 Dodging
 - Level 3.0 Stealth
 * Level 2.2 Spellcasting
 * Level 4.3 Conjurations


You had 4 spell levels left.
You knew the following spells:

 Your Spells              Type           Power        Failure   Level  Hunger
a - Magic Dart            Conj           ###.         3%          1    #......
s - Searing Ray           Conj           ###...       6%          2    ##.....


Dungeon Overview and Level Annotations

Branches:
Dungeon (4/16)
 Temple: D:4-7

Altars:


Innate Abilities, Weirdness & Mutations

Your natural rate of healing is unusually fast.
You have razor-sharp teeth.*
You have supernaturally acute eyesight.
You can survive without breathing.*


Message History

The phantom hits you.
You hit the phantom.
The phantom is heavily damaged.
The phantom closely misses you. The phantom hits you!
You are too injured to fight recklessly!
You are too injured to fight recklessly!
You hit the phantom. You bite the phantom.
The phantom is severely damaged.
The phantom hits you.
The phantom blinks!
You miss the phantom.
The phantom is severely damaged.
The phantom blinks!
You barely miss the phantom.
The phantom is severely damaged.
The phantom hits you.
* * * LOW HITPOINT WARNING * * *
You barely miss the phantom.
The phantom is severely damaged.
The phantom hits you!
You die...

.#
##.............###......
#.........%............
#...................###
...................## #
....................#
....................## #
.....................###
.......p.................
........@................
.........................
........................
........................
.......................#
..................%((.#
...............).)...#
...................%.
..................


You could see a phantom.

Vanquished Creatures
  An orc wizard (D:4)
  A worker ant (D:3)
  An adder (D:4)
  5 giant geckos
  2 orcs (D:4)
  8 bats
  8 giant cockroaches
  9 goblins
  3 hobgoblins
  2 kobolds (D:4)
  An ooze (D:4)
  2 quokkas
  2 giant newts
  5 rats
50 creatures vanquished.

Notes
Turn   | Place    | Note
--------------------------------------------------------------
     0 | D:1      | PolkaDot, the Vampire Conjurer, began the quest for the Orb.
     0 | D:1      | Reached XP level 1. HP: 13/13 MP: 4/4
     0 | D:1      | Noticed a giant goldfish
   239 | D:1      | Reached XP level 2. HP: 19/19 MP: 1/5
   633 | D:1      | Learned a level 2 spell: Searing Ray
  1217 | D:2      | Reached XP level 3. HP: 24/24 MP: 0/6
  1938 | D:3      | Reached skill level 4 in Conjurations
  1938 | D:3      | Reached XP level 4. HP: 30/30 MP: 2/8
  2541 | D:4      | Noticed a phantom
  2567 | D:4      | Slain by a phantom

Action                   |  1- 3 |  4- 6 || total
-------------------------+-------+-------++-------
Melee: Unarmed           |    25 |       ||    25
       Long sword        |       |    19 ||    19
 Cast: Magic Dart        |    72 |    28 ||   100
       Searing Ray       |     1 |     4 ||     5
Evoke: Wand              |     1 |       ||     1
  Use: Potion            |     1 |       ||     1
       Scroll            |       |     8 ||     8
